 Dungeon Crawl Stone Soup version 0.28-b1-78-gc65acfa365 (webtiles) character file.

Game seed: 8501008746030526452

258 Descartes the Gusty (level 5, -4/29 HPs)
             Began as a Deep Elf Wanderer on Feb 4, 2022.
             Slain by a nameless horror (10 damage)
             ... created by miscasting Summon Lightning Spire
             ... on level 2 of the Dungeon.
             The game lasted 00:11:24 (3697 turns).

Descartes the Gusty (Deep Elf Wanderer)             Turns: 3697, Time: 00:11:25

Health: -4/29      AC:  3    Str: 11    XL:     5   Next: 94%
Magic:  0/11       EV: 12    Int: 18    God:
Gold:   74         SH:  0    Dex: 13    Spells: 2/9 levels left

rFire   . . .      SeeInvis .   o - +2 quarterstaff (chaos)
rCold   . . .      Faith    .   (shield currently unavailable)
rNeg    . . .      Spirit   .   d - +0 robe
rPois   .          Reflect  .   (no helmet)
rElec   .          Harm     .   p - +0 cloak
rCorr   .          Rampage  .   (no gloves)
Will    .....                   (no boots)
Stlth   +.........              (no amulet)
HPRegen 0.09/turn               (no ring)
MPRegen 0.12/turn               (no ring)

@: no status effects
A: no striking features
a: no special abilities


You were on level 2 of the Dungeon.
You visited 1 branch of the dungeon, and saw 3 of its levels.

You collected 74 gold pieces.

Inventory:

Hand Weapons
 f - a +0 hunting sling
 o - a +2 quarterstaff of chaos (weapon)
Missiles
 a - 5 boomerangs of dispersal
 b - 10 poisoned darts (quivered)
 g - 6 boomerangs
 h - 42 stones
 i - 12 arrows
Armour
 d - a +0 robe (worn)
 p - a +0 cloak (worn)
Scrolls
 e - 3 scrolls of noise
 m - a scroll of teleportation {unknown}
Potions
 n - a potion of curing {unknown}


   Skills:
 - Level 1.0 Fighting
 - Level 1.0 Polearms
 - Level 0.3(1.0) Staves
 - Level 2.0 Throwing
 - Level 1.0 Armour
 + Level 1.7 Dodging
 + Level 2.8 Spellcasting
 * Level 2.9 Conjurations
 * Level 2.7 Summonings
 * Level 4.7 Air Magic
 + Level 2.1 Poison Magic


You had 2 spell levels left.
You knew the following spells:

 Your Spells              Type           Power      Damage    Failure   Level
a - Shock                 Conj/Air       64%        1d7       3%          1
b - Poisonous Vapours     Pois/Air       28%        N/A       6%          2
c - Summon Lightning Spi  Summ/Air       16%        N/A       34%         4

Your spell library contained the following spells:

 Spells                   Type           Power      Damage    Failure   Level
 Corpse Rot               Necr/Air       22%        N/A       10%         2
 Animate Skeleton         Necr           4%         N/A       17%         1
 Sandblast                Erth           4%         2d4       17%         1
 Passwall                 Tmut/Erth      1%         N/A       26%         2
 Stone Arrow              Conj/Erth      14%        3d7       26%         3
 Vampiric Draining        Necr           2%         2d6       45%         3
 Agony                    Necr           2%         N/A       99%         5


Dungeon Overview and Level Annotations

Branches:
Dungeon (3/15)

Altars:
Kikubaaqudgha

Annotations:
D:3 Natasha


Message History

Natasha casts a spell.
Natasha casts a spell.
You hit the nameless horror but do no damage.
The nameless horror seems to speed up.
The nameless horror barely misses you. The nameless horror hits you.
You feel your power leaking away. The nameless horror barely misses you.
The nameless horror barely misses you.
A rat comes into view.
The nameless horror hits you!
You feel your power leaking away. The nameless horror hits you!
You feel your power leaking away.
Your magical contamination has completely faded away.
The nameless horror hits you but does no damage.
The nameless horror hits you.
* * * LOW HITPOINT WARNING * * *
There is a stone staircase leading up here.
The nameless horror hits you.
* * * LOW HITPOINT WARNING * * *
You feel your power leaking away. The nameless horror closely misses you.
You climb upwards.
There is a stone staircase leading down here.
Casting: Summon Lightning Spire (potentially lethal; 34% risk of failure)
Confirm with . or Enter, or press ? or * to list all spells.
You don't have enough magic to cast this spell.
It was a potion of heal wounds.
You feel much better. The nameless horror hits you!
As you read the scroll labelled YLIEDD XOUCOFU, it crumbles to dust.
You hear a loud clanging noise!
It was a scroll of noise.
The nameless horror closely misses you. The nameless horror hits you.
This is a scroll of acquirement!
Something appears at your feet! The nameless horror hits you!
* * * LOW HITPOINT WARNING * * *
As you read the scroll labelled JETIOCKU FICW, it crumbles to dust.
The scroll dissolves into smoke.
It was a scroll of fog.
The nameless horror misses you. The nameless horror hits you!
You die...

#..###..##..###.# #.#
#.#.............# #.#######
#.###.#.######### #.......#
#.###.#.# #.#####.#
#.......###########.# #.#
#####.####.......##.# #.#
#.# #...§...##.# #.#
#####.## #..§X§..##.#####.#
#......# #..§@§..##.......#
#.###..# #..§§§..##.##.##.#
#.###..# #.......##....##.#
##.#....# #.......##..####.#
#.......######.#####..####.#
#.<#.#..##.###.# #.......#
#.......#...##.######.######
###.##.........#........#
######
#.................#######
#.....


You could see a nameless horror (fast).

Vanquished Creatures
  Crazy Yiuf (D:2)
  A scorpion zombie (D:2)
  An adder (D:2)
  An adder skeleton (D:2)
  2 worms
  2 dart slugs
  7 endoplasms
  3 giant cockroaches (D:1)
  2 goblins (D:1)
  5 hobgoblins
  4 jackals (D:1)
  4 kobolds
  A quokka (D:1)
  3 ball pythons (D:1)
  A ball python skeleton (D:2)
  6 bats
  7 frilled lizards
  A rat (D:1)
52 creatures vanquished.

Vanquished Creatures (collateral kills)
  Sigmund (D:3)
1 creature vanquished.

Grand Total: 53 creatures vanquished

Notes
Turn   | Place    | Note
-------+----------+-------------------------------------------
     0 | D:1      | Descartes the Deep Elf Wanderer began the quest for the
                  | Orb.
     0 | D:1      | Descartes set off with the following items: a +0 spear, 10
                  | poisoned darts, a +0 dagger, a +0 robe; and the following
                  | spell memorised: Shock; and the following spells available
                  | to memorise: Poisonous Vapours, Summon Lightning Spire
     0 | D:1      | Reached XP level 1. HP: 12/12 MP: 5/5
   304 | D:1      | Reached XP level 2. HP: 13/16 MP: 3/6
   425 | D:1      | Reached skill level 1 in Conjurations
   611 | D:1      | Learned a level 2 spell: Poisonous Vapours
   904 | D:1      | Reached XP level 3. HP: 19/20 MP: 1/8
   914 | D:1      | Reached skill level 1 in Summonings
  1305 | D:1      | Found a faded altar of an unknown god.
  1441 | D:1      | Prayed at the altar of an unknown god.
  1441 | D:1      | Became a worshipper of Kikubaaqudgha
  1441 | D:1      | Reached * piety under Kikubaaqudgha
  1441 | D:1      | Received a gift from Kikubaaqudgha
  1442 | D:1      | Fell from the grace of Kikubaaqudgha
  1607 | D:2      | Reached skill level 1 in Poison Magic
  1681 | D:2      | HP: 1/20 [scorpion zombie[the malice of Kikubaaqudgha] (7)]
  2674 | D:2      | Found a runed translucent door.
  2675 | D:2      | Noticed Crazy Yiuf
  2917 | D:2      | Killed Crazy Yiuf
  2918 | D:2      | Reached skill level 1 in Dodging
  2918 | D:2      | Reached XP level 4. HP: 10/25 MP: 2/9
  3227 | D:3      | Learned a level 4 spell: Summon Lightning Spire
  3316 | D:3      | Noticed Sigmund
  3328 | D:3      | Killed Sigmund
  3329 | D:3      | Reached XP level 5. HP: 2/29 MP: 0/11
  3674 | D:3      | Noticed Natasha
  3675 | D:3      | Noticed a nameless horror
  3696 | D:2      | Identified a scroll of acquirement
  3696 | D:2      | Acquired the ring "Odghetocs" {rElec rC+ rN+ Str+3}
  3697 | D:2      | Slain by a nameless horror

Illustrated notes

Levels and vault maps discovered:
D:1:      dpeg_arrival_tiny_k, layout_loops_ring,
          chequers_ecumenical_altar_simple
D:2:      layout_loops_cross, uniq_crazy_yiuf_cottage
D:3:      layout_basic, uniq_natasha, uniq_sigmund

Skill      XL: |  1  2  3  4 |
---------------+-------------+-----
Spellcasting   | 2 |  2.8
Conjurations   | 1 2 |  2.9
Summonings     | 1 2 |  2.7
Poison Magic   | 1 2 |  2.1
Dodging        | 1 |  1.7
Fighting       | |  1.0
Polearms       | |  1.0
Staves         | |  0.3
Throwing       | |  2.0
Armour         | |  1.0
Air Magic      | |  4.7

Action                   |  1- 3 |  4- 6 || total
-------------------------+-------+-------++-------
Melee: Spear             |     8 |       ||     8
       Quarterstaff      |       |     2 ||     2
 Cast: Shock             |    95 |    17 ||   112
       Poisonous Vapours |     9 |     2 ||    11
       Summon Lightning  |       |     1 ||     1
Invok: Renounce Religion |     1 |       ||     1
  Use: Scroll            |       |     3 ||     3
       Potion            |       |     1 ||     1
Armor: Robe              |     6 |     1 ||     7
Dodge: Dodged            |    18 |     6 ||    24
